 Seeded DCSS version 0.29.1-15-g9cfb28693d (webtiles) character file.

Game seed: 11851575853161599096 (custom seed)

184690 Sanktem7 the Tortoise (level 17, 0/179 HPs)
             Began as a Minotaur Fighter on Mar 14, 2023.
             Was the Champion of Okawaru.
             Shot with an arrow by a ghostly deep elf master archer (14 damage)
             ... on level 3 of the Elven Halls.
             The game lasted 01:12:15 (26077 turns).

Sanktem7 the Tortoise (Minotaur Fighter)           Turns: 26077, Time: 01:12:16

Health: 0/179      AC: 43    Str: 25 (26) XL:     17   Next: 78%
Magic:  0/24       EV: 12    Int:  8      God:    Okawaru [******]
Gold:   4912       SH:  9    Dex: 12      Spells: 16/16 levels left

rFire   + . .      SeeInvis .   l - +8 broad axe of Wondrous Power {vorpal, Fly rElec rC+, axe}
rCold   + . .      Faith    .   c - +1 buckler
rNeg    . . .      Spirit   +   u - +15 Maxwell's patent armour {-Cast -Tele rElec Will+ rCorr}
rPois   .          Reflect  .   W - +1 hat "Efoheruc" {-Tele Rampage Regen+ Int+3}
rElec   +          Harm     .   f - +2 cloak {rF+}
rCorr   +          Rampage  +   H - +1 pair of gloves of Wuguyn {Dex+2}
Will    +++++      NoTele   +   C - +1 pair of boots {rampage}
Stlth   .......... NoCast   +   x - amulet of the Distant Future {Spirit -Cast Will+++ Str-3 Stlth+}
HPRegen 1.19/turn               m - +4 ring of slaying
MPRegen 0.19/turn               q - +4 ring of evasion

@: flying, studying Short Blades
A: horns 2, retaliatory headbutt, deterioration 1, robust 1
a: Renounce Religion, Heroism, Finesse, Duel


You were on level 3 of the Elven Halls.
You worshipped Okawaru.
Okawaru was exalted by your worship.
You visited 5 branches of the dungeon, and saw 26 of its levels.
You visited the Abyss 1 time.
You also visited: Gauntlet and Volcano.

You collected 5785 gold pieces.
You spent 873 gold pieces at shops.


Innate Abilities, Weirdness & Mutations

You have a pair of horns on your head.
You reflexively headbutt those who attack you in melee.
Your body sometimes deteriorates upon taking damage.
You are robust. (+10% HP)


   Skills:
 + Level 18.1 Fighting
 - Level 18.0 Axes
 - Level 10.0 Throwing
 + Level 18.1 Armour
 + Level 18.1 Shields
 + Level 10.7 Invocations


You had 16 spell levels left.
You didn't know any spells.
Your spell library contained the following spells:

 Spells                   Type           Power      Damage    Failure   Level
 Apportation              Tloc           0%         N/A       96%         1
 Magic Dart               Conj           0%         1d3       96%         1
 Necrotise                Necr           0%         1d4       96%         1
 Shock                    Conj/Air       0%         1d3       96%         1
 Searing Ray              Conj           0%         2d4       99%         2
 Static Discharge         Conj/Air       0%         3-3/arc   99%         2
 Gell's Gravitas          Tloc           0%         N/A       100%        3
 Lesser Beckoning         Tloc           0%         N/A       100%        3
 Swiftness                Air            0%         N/A       100%        3
 Teleport Other           Tloc           0%         N/A       100%        3
 Vampiric Draining        Necr           0%         2d6       100%        3
 Airstrike                Air            0%         2d(0-16)  100%        4
 Anguish                  Hex/Necr       0%         N/A       100%        4
 Fulminant Prism          Conj/Hex       0%         3d6       100%        4
 Hailstorm                Conj/Ice       0%         3d3       100%        4
 Ice Form                 Ice/Tmut       0%         N/A       100%        4
 Iskenderun's Mystic Bla  Conj/Tloc      0%         2d3       100%        4
 Agony                    Necr           0%         N/A       100%        5
 Alistair's Intoxication  Tmut/Pois      0%         N/A       100%        5
 Borgnjor's Vile Clutch   Necr/Erth      0%         N/A       100%        5
 Iskenderun's Battlesphe  Conj           0%         2d6       100%        5
 Lee's Rapid Deconstruct  Erth           0%         3d5*      100%        5
 Lightning Bolt           Conj/Air       0%         1d11      100%        5
 Dispersal                Tloc           0%         N/A       100%        6
 Eringya's Noxious Bog    Tmut/Pois      0%         N/A       100%        6
 Iron Shot                Conj/Erth      0%         9d1       100%        6
 Enfeeble                 Hex            0%         N/A       100%        7
 Disjunction              Tloc           0%         N/A       100%        8
 Maxwell's Capacitive Co  Air            0%         ∞         100%        8
 Summon Small Mammal      Summ           Unusable   N/A       N/A         1
 Simulacrum               Ice/Necr       Unusable   N/A       N/A         6
 Spellforged Servitor     Conj/Summ      Unusable   N/A       N/A         7

Inventory:

Hand Weapons
 l - the +8 broad axe of Wondrous Power (weapon) {vorpal, Fly rElec rC+, axe}
   (You acquired it on level 7 of the Dungeon)

   It inflicts extra damage upon your enemies.
   rC:        It protects you from cold.
   rElec:     It insulates you from electricity.
   Fly:       It grants you flight.
 n - a +0 executioner's axe of distortion {!waxerare=g}
   (You subdued it on level 2 of the Elven Halls)
 G - a +0 war axe of flaming {axe}
   (You subdued it on level 2 of the Elven Halls)
Missiles
 b - 44 poisoned darts (quivered) {throwing}
 s - 18 boomerangs {throwing}
 A - 8 silver javelins {throwing}
 B - 6 curare-tipped darts {=fthrowing}
Armour
 c - a +1 buckler (worn)
 f - a +2 cloak of fire resistance (worn)
   (You found it in a volcano)
 u - the +15 Maxwell's patent armour (worn) {-Cast -Tele rElec Will+ rCorr}
   (You found it on level 3 of the Dungeon)

   rElec:     It insulates you from electricity.
   -Cast:     It prevents spellcasting.
   -Tele:     It prevents most forms of teleportation.
   rCorr:     It protects you from acid and corrosion.
   Will:      It increases your willpower.
 C - a +1 pair of boots of rampaging (worn)
   (Okawaru gifted it to you on level 15 of the Dungeon)
 H - the +1 pair of gloves of Wuguyn (worn) {Dex+2}
   (Okawaru gifted it to you on level 3 of the Elven Halls)

   Dex:       It affects your dexterity (+2).
 W - the +1 hat "Efoheruc" (worn) {-Tele Rampage Regen+ Int+3}
   (Okawaru gifted it to you on level 5 of the Lair of Beasts)

   Int:       It affects your intelligence (+3).
   -Tele:     It prevents most forms of teleportation.
   Regen:     It increases your rate of health regeneration.
   Rampage:   It bestows one free step when moving towards enemies.
Jewellery
 m - a +4 ring of slaying (left hand)
   (You found it on level 1 of the Dungeon)
 q - a +4 ring of evasion (right hand)
   (You found it on level 2 of the Dungeon)
 x - the amulet of the Distant Future (around neck) {Spirit -Cast Will+++ Str-3 Stlth+}
   (You found it on level 5 of the Lair of Beasts)

   [amulet of guardian spirit]

   It causes incoming damage to be divided between your reserves of health and
   magic.
   Str:       It affects your strength (-3).
   -Cast:     It prevents spellcasting.
   Will:      It greatly increases your willpower.
   Stlth:     It makes you more stealthy.
 J - a ring of poison resistance
   (You found it in a Gauntlet)
Wands
 a - a wand of digging (2)
   (You found it on level 2 of the Lair of Beasts)
 w - a wand of paralysis (51)
   (You found it on level 4 of the Dungeon)
 y - a wand of iceblast (23)
   (You took it off Maurice on level 8 of the Dungeon)
 E - a wand of flame (95)
   (You found it on level 6 of the Dungeon)
 Z - a wand of light (16)
   (You found it on level 14 of the Dungeon)
Scrolls
 h - 2 scrolls of blinking {!r}
 i - 11 scrolls of teleportation {@r4}
 j - 3 scrolls of poison {!r}
 Q - 10 scrolls of identify {@r1}
 U - 3 scrolls of magic mapping {!r}
Potions
 d - 6 potions of might
 e - 6 potions of mutation {!q}
 p - 6 potions of brilliance
 r - 7 potions of haste {@q3}
 t - 11 potions of curing {@q1}
 v - 6 potions of flight
 z - 2 potions of berserk rage {!q}
 D - 4 potions of lignification {!q}
 F - 6 potions of invisibility
 K - 3 potions of cancellation
 M - 4 potions of ambrosia
 T - 2 potions of resistance
Miscellaneous
 S - a phantom mirror
   (You found it in a Gauntlet)

Dungeon Overview and Level Annotations

Branches:
Dungeon (15/15) Zot: 25848  Temple (1/1) D:5 Zot: 5883    Lair (5/5) D:9 Zot: 24939
 Shoals (0/4) Lair:3        Snake (0/4) Lair:2        Slime (0/5) Lair:5
    Orc (2/2) D:12 Zot: 10503     Elf (3/3) Orc:2 Zot: 14568  Vaults (0/5) D:14
 Depths (0/4) D:15        Volcano (visited)         Gauntlet (visited)

Altars:
Ashenzari
Cheibriados
Dithmenos
Elyvilon
Fedhas
Gozag
Hepliaklqana
Kikubaaqudgha
Makhleb
Nemelex Xobeh
Okawaru
Qazlal
Ru
Sif Muna
Trog
Uskayaw
Vehumet
Wu Jian
Xom
Yredelemnul
Zin
The Shining One
Jiyva

Shops:
D:4 [   D:5 [   D:7 *   D:15 [   Orc:1 !=?   Orc:2 ((?!

Annotations:
Elf:1 6 runed translucent doors

....# #e.Β§E3.e.3..#
....# #e# ....# ####e#
....# #..#e# ##### ..#)#
# #.#.# # ##### #E#.#E#
.#..######### #...E.#
............# #.@...###
.......###..# #.......#
........###.###).E....##
.........##...#.).....#..
.........##.#...).....##.
)).......#..###)......#
............# #.......#
.......#..### #.......#
......###. ##......#


You could see a ghostly deep elf master archer, a deep elf annihilator, a deep
elf sorcerer (fast) and 4 earth elementals.


Message History

The ghostly deep elf master archer shoots an arrow.
The arrow barely misses you.
The arrow hits the earth elemental. 😱 HP[-39] MP[-3]
You take 39 damage, and now have 17/179 hp.
MASSIVE DAMAGE!! (PAUSE)
You lost 3 mp, and now have 2/24 mp.
You feel much better.
The deep elf archer seems less brilliant.
The ghostly deep elf master archer shoots an arrow.
You block the arrow.
The earth elemental hits you but does no damage.
The ghostly deep elf master archer shoots an arrow.
The arrow hits you but does no damage. 😱 HP[+19]
You regained 19 hp, and now have 36/179 hp.
You feel much better.
The deep elf annihilator seems less brilliant.
The ghostly deep elf master archer unwields a +0 longbow.
You block the ghostly deep elf master archer's attack.
The deep elf annihilator gestures wildly while chanting.
The deep elf annihilator blinks! 😨 HP[+26]
You regained 26 hp, and now have 62/179 hp.
You slash the earth elemental!
You destroy the earth elemental!
The earth elemental disappears in a puff of smoke!
You slash the ghostly deep elf master archer!
The deep elf annihilator seems less brilliant.
The deep elf elementalist seems less brilliant.
The deep elf sorcerer becomes larger for a moment.
The Tzitzimitl calls on the powers of darkness!
The deep elf high priest convulses!
The deep elf archer convulses!
The deep elf sorcerer convulses!
The deep elf pyromancer convulses!
The deep elf elementalist convulses!
The deep elf demonologist convulses!
The deep elf annihilator convulses! x4
Your body is wracked with pain!
* * * LOW HITPOINT WARNING * * *
The ghostly deep elf master archer wields a +0 longbow.
The ghostly deep elf master archer shoots an arrow.
You block the arrow. 😱 HP[-28] MP[-1]
You take 28 damage, and now have 34/179 hp.
You lost 1 mp, and now have 1/24 mp.
The deep elf annihilator gestures wildly while chanting.
The deep elf annihilator blinks!
The Ice Fiend calls on the powers of darkness!
The deep elf pyromancer convulses!
The deep elf high priest convulses!
The deep elf elementalist convulses!
The deep elf sorcerer convulses!
The deep elf demonologist convulses!
The deep elf annihilator convulses! x3
Your body is wracked with pain!
* * * LOW HITPOINT WARNING * * *
The deep elf annihilator mumbles some strange words.
The deep elf annihilator blinks!
The deep elf annihilator mumbles some strange words.
The deep elf annihilator blinks!
The deep elf pyromancer gestures wildly while chanting.
The deep elf pyromancer blinks!
The ghostly deep elf master archer shoots an arrow.
The arrow hits you.
* * * LOW HITPOINT WARNING * * *
Items here: ))))))) [[[[ ††. 😱 HP[-20] MP[-1]
You take 20 damage, and now have 14/179 hp.
You lost 1 mp, and now have 0/24 mp.
You feel better.
The deep elf annihilator seems less brilliant.
The deep elf elementalist is no longer moving quickly.
The ghostly deep elf master archer shoots an arrow.
The arrow barely misses you.
The deep elf elementalist mumbles some strange words.
The deep elf elementalist seems to speed up.
The ghostly deep elf master archer shoots an arrow.
The arrow barely misses you. 😱 HP[+6] MP[+1]
You regained 6 hp, and now have 20/179 hp.
The deep elf annihilator casts a spell.
The deep elf annihilator blinks! 😱 HP[+1]
The ghostly deep elf master archer shoots an arrow.
The arrow hits you but does no damage.
The deep elf elementalist points next to you and mumbles some strange words.
Some walls begin to move on their own!
The ghostly deep elf master archer shoots an arrow.
The arrow hits you.
* * * LOW HITPOINT WARNING * * *
😱 HP[-4]
You take 4 damage, and now have 17/179 hp.
The ghostly deep elf master archer shoots an arrow.
The arrow hits you.
* * * LOW HITPOINT WARNING * * *
The ghostly deep elf master archer shoots an arrow.
The arrow hits you but does no damage.
You block the earth elemental's attack. 😱 HP[-4]
You take 4 damage, and now have 13/179 hp.
The soul eater disappears in a puff of smoke!
The ghostly deep elf master archer shoots an arrow.
You block the arrow.
The ghostly deep elf master archer shoots an arrow.
The arrow hits you!
You die...

Skill      XL: |  1  2  3  4  5  6  7  8  9 10 11 12 13 14 15 16 17 |
---------------+----------------------------------------------------+-----
Axes           | 3 4 5 6 7 9 11 12 14 16 17 18 | 18.0
Fighting       | 4 5 6 7 8 9 10 12 13 14 15 17 18 | 18.1
Armour         | 4 5 6 7 8 9 10 12 13 14 15 17 18 | 18.1
Shields        | 4 5 6 7 8 9 10 12 13 14 15 17 18 | 18.1
Invocations    | 1 4 5 7 9 10 | 10.7
Throwing       | 4 7 9 10 | 10.0

Action                   |  1- 3 |  4- 6 |  7- 9 | 10-12 | 13-15 | 16-18 || total
-------------------------+-------+-------+-------+-------+-------+-------++-------
Melee: War axe           |    70 |    93 |   130 |       |       |       ||   293
       Headbutt          |    12 |    17 |    31 |    59 |   183 |   125 ||   427
       Broad axe         |       |       |    40 |   331 |   788 |   583 ||  1742
Throw: Stone             |       |       |       |       |     7 |       ||     7
       Javelin           |       |       |       |       |       |     7 ||     7
Invok: Heroism           |       |       |       |     1 |       |       ||     1
Evoke: Wand              |       |       |       |     2 |     5 |       ||     7
  Use: Scroll            |       |       |    12 |     1 |    20 |     5 ||    38
       Potion            |       |       |       |     2 |     2 |     8 ||    12
 Stab: Paralysed         |       |       |       |     4 |     2 |       ||     6
       Sleeping          |       |       |       |     1 |       |       ||     1
Armor: Scale mail        |    37 |     1 |       |       |       |       ||    38
       Plate armour      |       |    61 |    91 |   220 |   361 |   343 ||  1076
Dodge: Dodged            |    38 |    37 |    58 |   150 |   249 |   173 ||   705
Block: Buckler           |    13 |    19 |    41 |   189 |   301 |   170 ||   733
       Reflection        |       |       |       |    10 |     6 |       ||    16

Levels and vault maps discovered:
D:1:      lightli_iron_boxes, layout_basic
D:2:      layout_rooms, shapermc_ecumenical_altar_flowoftime
D:3:      layout_basic, uniq_natasha
D:4:      layout_rooms, serial_shops, nicolae_take_the_stairs,
          uniq_blork_the_orc
D:5:      layout_basic, minmay_temple_entry_stoned_glass, serial_shops,
          nicolae_lakefront_shop, grunt_ministairs_2,
          minmay_misc_feat_more_columns, kennysheep_generic_room_15
D:6:      layout_basic, serial_rivers, chequers_serial_rivers_small_a,
          chequers_serial_rivers_micro_c, chequers_serial_rivers_micro_d,
          chequers_serial_rivers_micro_b, chequers_serial_rivers_small_a
D:7:      layout_basic, chequers_temple_overflow_statue_of_worship,
          serial_shops, shop_statue, hellmonk_ghost_happy_afterlife,
          uniq_duvessa, uniq_joseph
D:8:      layout_loops_ring, amcnicky_altar_gilded, guppyfry_early_elven_hall,
          uniq_maurice
D:9:      kennysheep_blocky_room, layout_long_grid, erik_lair_orcish_takeover
D:10:     layout_stronghold, uniq_josephine, uniq_grum
D:11:     layout_stronghold, gauntlet_entry_generic, minmay_misc_feat_cross,
          serial_bayou_lake_a
D:12:     layout_roguey, zombieorc1_lemuel, chequers_serial_rivers_micro_c,
          nzn_sisyphean_effort
D:13:     layout_loops_ring
D:14:     layout_small_grid, david_vaults_5, serial_park_square2
D:15:     gammafunk_depths_entry_grave, layout_rooms, minivault_14,
          nicolae_hexahallways, minmay_shop_chei
Temple:   compressed_dpeg_circular_temple
Lair:1:   layout_regular_city, st_stairs_13, chequers_serial_rivers_room_a,
          serial_bayou_shore_a, grunt_megastairs_4, uniq_sonja
Lair:2:   layout_layer_cave, minmay_snake_entry_six_corridors,
          grunt_megastairs_1, uniq_maggie
Lair:3:   layout_roguey, elwin_shoals_entry_stream,
          chequers_serial_rivers_micro_d, minivault_19, grunt_megastairs_3
Lair:4:   layout_regular_city, gammafunk_lair_bear_cave,
          infiniplex_staircase_pool, serial_bayou_shore_b
Lair:5:   hangedman_lair_tendril_chambers, layout_misc_corridors,
          guppyfry_lair_end_dragon, slime_entry_1,
          nicolae_lair_run_with_the_wolves, infiniplex_staircase_pool_2,
          serial_bayou_shore_b
Orc:1:    layout_caves, nicolae_volcano_entry_two_sided, basic_altar,
          serial_shops, shop, shop, shop
Orc:2:    st_orc_ogre_mass, layout_diamond_mine, uniq_saint_roka
Elf:1:    eino_elf_arrival_shootout, layout_loops_corners,
          gammafunk_ghost_berserking_beasts, orc_legates,
          serial_sigils_hangedman_confine, glass_columns_a
Elf:2:    nicolae_elf_blades_splatter_lattice
          [nicolae_blade_entry_hurt_lockers], layout_loops_corners,
          serial_sigils_hangedman_snap, minmay_strange_pillars,
          small_statue_intersection, uniq_jorgrun
Elf:3:    elf_hall, layout_loops_cross, basic_altar

Notes
Turn   | Place    | Note
-------+----------+-------------------------------------------
     0 | D:1      | Sanktem7 the Minotaur Fighter began the quest for the Orb.
     0 | D:1      | Reached XP level 1. HP: 19/19 MP: 0/0
     0 | D:1      | magus.rc [v1.9.6]
   132 | D:1      | Reached XP level 2. HP: 27/27 MP: 1/1
   142 | D:1      | Reached skill level 3 in Axes
   302 | D:1      | Reached skill level 4 in Fighting
   302 | D:1      | Reached XP level 3. HP: 26/33 MP: 2/2
   306 | D:1      | Reached skill level 4 in Armour
   306 | D:1      | Reached skill level 4 in Shields
   494 | D:1      | You pick up a book of Power and begin reading...
   494 | D:1      | You add the spells Iskenderun's Battlesphere, Iron Shot and
                  | Spellforged Servitor to your library.
   897 | D:2      | Found a faded altar of an unknown god.
  1284 | D:3      | Found the +15 Maxwell's patent armour {-Cast -Tele rElec
                  | Will+ rCorr}
  1307 | D:3      | Reached XP level 4. HP: 40/40 MP: 3/3
  1397 | D:3      | Reached skill level 4 in Axes
  1525 | D:3      | Noticed Natasha
  1529 | D:3      | Killed Natasha
  1675 | D:3      | You pick up a book of Air and begin reading...
  1675 | D:3      | You add the spells Shock, Swiftness and Airstrike to your
                  | library.
  1696 | D:3      | Noticed Natasha
  1705 | D:3      | Killed Natasha
  1730 | D:3      | Noticed Natasha
  1737 | D:3      | Killed Natasha
  1738 | D:3      | Reached XP level 5. HP: 41/47 MP: 4/4
  1945 | D:4      | Noticed Blork the orc
  1953 | D:4      | Killed Blork the orc
  1954 | D:4      | Reached skill level 5 in Axes
  1954 | D:4      | Reached XP level 6. HP: 49/55 MP: 5/5
  2142 | D:4      | Found Kagucra's Armour Boutique.
  2199 | D:4      | Reached skill level 5 in Armour
  2324 | D:4      | Reached skill level 5 in Fighting
  2324 | D:4      | Reached skill level 5 in Shields
  2423 | D:5      | Entered Level 5 of the Dungeon
  2503 | D:5      | Reached skill level 6 in Axes
  2513 | D:5      | Found Ozadgha's Antique Armour Boutique.
  2587 | D:5      | Reached XP level 7. HP: 48/61 MP: 6/6
  2805 | D:5      | Found a staircase to the Ecumenical Temple.
  2816 | Temple   | Entered the Ecumenical Temple
  3077 | D:5      | Reached skill level 7 in Axes
  3325 | D:5      | You add the spells Alistair's Intoxication, Borgnjor's Vile
                  | Clutch and Eringya's Noxious Bog to your library.
  3875 | D:6      | Reached skill level 6 in Armour
  3904 | D:6      | Reached skill level 6 in Fighting
  3904 | D:6      | Reached skill level 6 in Shields
  3997 | D:6      | Reached XP level 8. HP: 56/70 MP: 7/7
  4173 | D:6      | You pick up a book of Lightning and begin reading...
  4173 | D:6      | You add the spells Static Discharge, Lightning Bolt and
                  | Maxwell's Capacitive Coupling to your library.
  4874 | D:7      | Reached skill level 8 in Axes
  4905 | D:7      | Found Cyud's General Store.
  4964 | D:7      | Identified the +1 scale mail of Varoxzih {+Blink Int+5}
  5068 | D:7      | Noticed Duvessa
  5069 | D:7      | Noticed Dowan
  5076 | D:7      | Killed Dowan
  5077 | D:7      | Reached skill level 7 in Armour
  5079 | D:7      | Killed Duvessa
  5080 | D:7      | Reached skill level 7 in Fighting
  5080 | D:7      | Reached skill level 9 in Axes
  5080 | D:7      | Reached skill level 7 in Shields
  5164 | D:7      | Found an iron altar of Okawaru.
  5165 | D:7      | Found a hide-covered altar of Uskayaw.
  5167 | D:7      | Found an ornate altar of the Wu Jian Council.
  5174 | D:7      | Became a worshipper of Warmaster Okawaru
  5415 | D:7      | Found a runed translucent door.
  5415 | D:7      | Noticed pokedragonboy's ghost (novice DECj)
  5712 | D:7      | Noticed Joseph
  5718 | D:7      | Killed Joseph
  5719 | D:7      | Reached XP level 9. HP: 67/79 MP: 8/8
  5781 | D:7      | Identified the amulet "Kisy" {Reflect Int+4 SH+5}
  5922 | D:7      | Killed pokedragonboy's ghost
  5923 | D:7      | Reached skill level 10 in Axes
  5940 | D:7      | You cannot blink because you are wearing the +15 Maxwell's
                  | patent armour {-Cast -Tele rElec Will+ rCorr}.
  5949 | D:7      | Identified a scroll of acquirement
  5949 | D:7      | Acquired the +8 broad axe of Wondrous Power {vorpal, Fly
                  | rElec rC+}
  6000 | D:8      | Found a basalt altar of Yredelemnul.
  6124 | D:8      | Noticed Maurice
  6131 | D:8      | Killed Maurice
  6132 | D:8      | Reached skill level 8 in Fighting
  6132 | D:8      | Reached skill level 8 in Armour
  6132 | D:8      | Reached skill level 8 in Shields
  6212 | D:8      | Reached * piety under Okawaru
  6309 | D:8      | Reached skill level 1 in Invocations
  6320 | D:8      | Reached ** piety under Okawaru
  6321 | D:8      | Reached skill level 11 in Axes
  6323 | D:8      | Reached XP level 10. HP: 80/90 MP: 10/10
  6339 | D:8      | Reached skill level 2 in Invocations
  6520 | D:8      | Noticed a deep elf pyromancer
  6523 | D:8      | Killed a deep elf pyromancer
  6849 | D:9      | Noticed a wizard
  6858 | D:9      | Killed a wizard
  6858 | D:9      | Reached *** piety under Okawaru
  6859 | D:9      | Reached skill level 9 in Fighting
  6859 | D:9      | Reached skill level 9 in Armour
  6859 | D:9      | Reached skill level 9 in Shields
  6859 | D:9      | Reached skill level 3 in Invocations
  6870 | D:9      | Noticed a manticore
  6879 | D:9      | Killed a manticore
  6880 | D:9      | Reached skill level 12 in Axes
  7067 | D:9      | Reached **** piety under Okawaru
  7119 | D:9      | Found a staircase to the Lair.
  7131 | D:9      | Received a gift from Okawaru
  7245 | D:9      | Reached skill level 4 in Invocations
  7304 | D:9      | Reached XP level 11. HP: 97/97 MP: 13/13
  7882 | D:10     | Entered Level 10 of the Dungeon
  7934 | D:10     | Noticed Grum
  7946 | D:10     | Reached skill level 13 in Axes
  7953 | D:10     | Killed Grum
  7953 | D:10     | Reached ***** piety under Okawaru
  8083 | D:10     | You pick up a book of the Warp and begin reading...
  8083 | D:10     | You add the spells Dispersal and Disjunction to your
                  | library.
  8160 | D:10     | Reached skill level 10 in Armour
  8246 | D:10     | Noticed Josephine
  8252 | D:10     | Killed Josephine
  8253 | D:10     | Reached skill level 10 in Fighting
  8253 | D:10     | Reached skill level 10 in Shields
  8257 | D:10     | Acquired 742 gold pieces
  8437 | D:10     | Reached skill level 5 in Invocations
  8464 | D:10     | HP: 23/100 [very large slime creature (16)]
  8911 | D:10     | Reached skill level 14 in Axes
  9215 | D:11     | Found a gate leading to a gauntlet.
  9231 | Gauntlet | Entered a Gauntlet
  9231 | Gauntlet | Found a transporter.
  9241 | Gauntlet | Found a transporter.
  9243 | Gauntlet | Found a transporter.
  9244 | Gauntlet | Found a transporter.
  9252 | Gauntlet | Found a transporter.
  9253 | Gauntlet | Noticed a necromancer
  9255 | Gauntlet | Found a transporter.
  9256 | Gauntlet | Found a transporter.
  9261 | Gauntlet | Noticed a death scarab
  9264 | Gauntlet | Found a transporter.
  9267 | Gauntlet | Found a transporter.
  9268 | Gauntlet | Found a transporter.
  9275 | Gauntlet | Noticed a hell hog
  9279 | Gauntlet | Found a transporter.
  9280 | Gauntlet | Found a transporter.
  9280 | Gauntlet | Found a transporter.
  9284 | Gauntlet | Noticed a fire crab
  9288 | Gauntlet | Found a transporter.
  9317 | Gauntlet | Found a runed translucent door.
  9400 | Gauntlet | Killed a necromancer
  9412 | Gauntlet | Identified the ring "Xaymposho" {Contam +Blink Will+ Int+4}
  9427 | Gauntlet | Killed a death scarab
  9428 | Gauntlet | Reached XP level 12. HP: 81/108 MP: 14/14
  9546 | Gauntlet | Reached skill level 11 in Armour
  9548 | Gauntlet | Killed a hell hog
  9548 | Gauntlet | Reached ****** piety under Okawaru
  9549 | Gauntlet | Reached skill level 11 in Shields
  9549 | Gauntlet | Received a gift from Okawaru
  9566 | Gauntlet | Identified the +1 hat of Leapfrog {Rampage}
  9585 | Gauntlet | Reached skill level 11 in Fighting
  9593 | Gauntlet | HP: 26/110 [something (27)]
  9974 | Gauntlet | Noticed a minotaur
  9980 | Gauntlet | Killed a minotaur
  9981 | Gauntlet | Reached skill level 15 in Axes
  9986 | Gauntlet | Identified the +1 leather armour of the Stonemason {Int+8
                  | Dex+6}
 10117 | D:11     | You pick up a book of Conjurations {@e2} and begin
                  | reading...
 10117 | D:11     | You add the spells Magic Dart, Searing Ray and Fulminant
                  | Prism to your library.
 10146 | D:11     | Noticed a two-headed ogre
 10153 | D:11     | Killed a two-headed ogre
 10631 | D:11     | Noticed a two-headed ogre
 10635 | D:11     | Killed a two-headed ogre
 10644 | D:11     | Identified the +8 hand axe "Yrhas" {elec, Dex+2} (Okawaru
                  | gifted it to you on level 11 of the Dungeon)
 10644 | D:11     | Received a gift from Okawaru
 10704 | D:11     | Noticed a two-headed ogre
 10709 | D:11     | Killed a two-headed ogre
 10828 | D:11     | Identified the +1 leather armour of Brilliance {*Slow +Inv
                  | Int+4}
 11143 | D:12     | Noticed a seven-headed hydra
 11144 | D:12     | Noticed a boulder beetle
 11149 | D:12     | Killed a ten-headed hydra
 11156 | D:12     | Killed a boulder beetle
 11317 | D:12     | Reached skill level 12 in Armour
 11321 | D:12     | Reached skill level 16 in Axes
 11326 | D:12     | Reached skill level 12 in Shields
 11342 | D:12     | Reached skill level 12 in Fighting
 11355 | D:12     | Found a staircase to the Orcish Mines.
 11927 | D:13     | Noticed a seven-headed hydra
 11934 | D:13     | Killed an 11-headed hydra
 11935 | D:13     | Reached XP level 13. HP: 118/118 MP: 15/15
 11981 | D:13     | Reached skill level 1 in Throwing
 12169 | D:13     | Received a gift from Okawaru
 12428 | D:13     | Reached skill level 2 in Throwing
 12609 | D:13     | You pick up a book of Cantrips and begin reading...
 12609 | D:13     | You add the spells Necrotise and Apportation to your
                  | library.
 13137 | D:13     | Gained mutation: You are robust. (+10% HP) [potion of
                  | mutation]
 13267 | D:14     | Found a radiant altar of Vehumet.
 13289 | D:14     | Reached skill level 17 in Axes
 13291 | D:14     | Identified the +2 robe of Narcissism {+Inv} (Okawaru gifted
                  | it to you on level 14 of the Dungeon)
 13291 | D:14     | Received a gift from Okawaru
 13292 | D:14     | Reached skill level 3 in Throwing
 13585 | D:14     | You pick up a book of Displacement and begin reading...
 13585 | D:14     | You add the spells Lesser Beckoning, Gell's Gravitas and
                  | Teleport Other to your library.
 13780 | D:14     | Reached skill level 13 in Shields
 13784 | D:14     | Reached skill level 13 in Armour
 13796 | D:14     | Reached skill level 13 in Fighting
 13830 | D:14     | Found a gate to the Vaults.
 13861 | D:14     | Reached skill level 4 in Throwing
 14124 | D:14     | You cannot blink because you are wearing the +15 Maxwell's
                  | patent armour {-Cast -Tele rElec Will+ rCorr}.
 14136 | D:14     | Gained mutation: Your body sometimes deteriorates upon
                  | taking damage. [mutagenic glow]
 14199 | D:15     | Entered Level 15 of the Dungeon
 14230 | D:15     | Found a staircase to the Depths.
 14247 | D:15     | Reached XP level 14. HP: 100/141 MP: 16/16
 14379 | D:15     | Received a gift from Okawaru
 14961 | D:15     | Found Cheibriados's Comfort Zone.
 14961 | D:15     | Found a snail-covered altar of Cheibriados.
 15234 | Lair:1   | Entered Level 1 of the Lair of Beasts
 15251 | Lair:1   | You pick up a book of the Tundra and begin reading...
 15251 | Lair:1   | You add the spells Hailstorm and Ice Form to your library.
 15283 | Lair:1   | You pick up a book of Necromancy and begin reading...
 15283 | Lair:1   | You add the spells Vampiric Draining and Agony to your
                  | library.
 15321 | Lair:1   | Noticed Sonja
 15326 | Lair:1   | Killed Sonja
 15327 | Lair:1   | Reached skill level 18 in Axes
 16047 | Lair:2   | Reached skill level 5 in Throwing
 16049 | Lair:2   | You are sucked into a shaft and drop 2 floors!
 16053 | Lair:4   | Identified the +1 broad axe of the Twenty Wonders {pain,
                  | *Noise rElec rC+++ rN+}
 17047 | Lair:5   | Entered Level 5 of the Lair of Beasts
 17139 | Lair:5   | Reached skill level 6 in Throwing
 17140 | Lair:5   | Reached skill level 14 in Shields
 17142 | Lair:5   | Reached skill level 14 in Armour
 17160 | Lair:5   | Reached skill level 14 in Fighting
 17214 | Lair:5   | You pick up a book of Displacement and begin reading...
 17256 | Lair:5   | Identified the +4 broad axe of Vanity {spect, +Blink Str+4
                  | Int-3} (Okawaru gifted it to you on level 5 of the Lair of
                  | Beasts)
 17256 | Lair:5   | Received a gift from Okawaru
 17309 | Lair:5   | Found the +11 plutonium sword {Contam Stlth-}
 17361 | Lair:5   | Found a staircase to the Slime Pits.
 17361 | Lair:5   | Found a viscous altar of Jiyva.
 17625 | Lair:5   | Reached skill level 7 in Throwing
 17628 | Lair:5   | Identified the +1 hat "Efoheruc" {-Tele Rampage Regen+
                  | Int+3} (Okawaru gifted it to you on level 5 of the Lair of
                  | Beasts)
 17628 | Lair:5   | Received a gift from Okawaru
 17849 | Lair:5   | HP: 18/146 [fire dragon/blast of flame (28)]
 17854 | Lair:5   | Reached XP level 15. HP: 41/152 MP: 17/17
 17968 | Lair:5   | Found the +4 robe of Folly {Brilliance Will-∞ Int+8}
 17980 | Lair:5   | Identified the amulet of the Distant Future {Spirit -Cast
                  | Will+++ Str-3 Stlth+}
 18713 | Lair:3   | You pick up a book of Maledictions and begin reading...
 18713 | Lair:3   | You add the spells Anguish and Enfeeble to your library.
 18727 | Lair:3   | Found a staircase to the Shoals.
 19362 | Lair:2   | Reached skill level 15 in Armour
 19366 | Lair:2   | Reached skill level 15 in Shields
 19389 | Lair:2   | Reached skill level 15 in Fighting
 19473 | Lair:2   | Found a staircase to the Snake Pit.
 19771 | Lair:2   | Noticed Maggie
 19780 | Lair:2   | Killed Maggie
 19808 | Lair:2   | Identified the +6 hand axe of Bankruptcy {holy, rN+ Str+5
                  | Dex+2}
 19871 | Lair:2   | Reached skill level 8 in Throwing
 20527 | Orc:1    | Entered Level 1 of the Orcish Mines
 20534 | Orc:1    | Found a radiant altar of Vehumet.
 20585 | Orc:1    | Found Wumyrah's Magic Scroll Shop.
 20666 | Orc:1    | Found Eruozoi's Jewellery Shoppe.
 20675 | Orc:1    | Found a dark tunnel.
 20685 | Volcano  | Entered a volcano
 20756 | Volcano  | Reached skill level 6 in Invocations
 20911 | Orc:1    | Found Womemuts's Distillery.
 20919 | Orc:1    | Bought a potion of heal wounds for 70 gold pieces
 20952 | Orc:1    | Bought a scroll of enchant weapon for 75 gold pieces
 21356 | Orc:2    | Entered Level 2 of the Orcish Mines
 21393 | Orc:2    | Noticed an orc warlord
 21406 | Orc:2    | Identified the +0 chain mail of Okawaru's Displeasure
                  | {Rampage Str-4 Int+3 Dex+7} (Okawaru gifted it to you on
                  | level 2 of the Orcish Mines)
 21406 | Orc:2    | Received a gift from Okawaru
 21415 | Orc:2    | Killed an orc warlord
 21504 | Orc:2    | Found a staircase to the Elven Halls.
 21603 | Orc:2    | Noticed Saint Roka
 21623 | Orc:2    | Killed Saint Roka
 21716 | Orc:2    | Reached skill level 9 in Throwing
 21726 | Orc:2    | Reached skill level 7 in Invocations
 21748 | Orc:2    | Reached XP level 16. HP: 164/166 MP: 20/20
 22002 | Orc:2    | Found Zurch's Distillery.
 22002 | Orc:2    | Found Opacopu's Magic Scroll Shoppe.
 22003 | Orc:2    | Found Obbap's Weapon Shoppe.
 22003 | Orc:2    | Found Pirgh's Weapon Shop.
 22011 | Orc:2    | Bought a scroll of acquirement for 728 gold pieces
 22062 | Orc:2    | Acquired 648 gold pieces
 22248 | Elf:1    | Entered Level 1 of the Elven Halls
 22383 | Elf:1    | Found a transporter.
 22407 | Elf:1    | Noticed promet's ghost (journeyman SpCj)
 22444 | Elf:1    | Reached skill level 16 in Armour
 22483 | Elf:1    | Reached skill level 16 in Fighting
 22483 | Elf:1    | Reached skill level 16 in Shields
 22485 | Elf:1    | Received a gift from Okawaru
 22487 | Elf:1    | Found a transporter.
 23040 | Elf:1    | Identified the +9 battleaxe of Lopp {protect, rN++ Int-3}
                  | (Okawaru gifted it to you on level 1 of the Elven Halls)
 23040 | Elf:1    | Received a gift from Okawaru
 23398 | Elf:1    | Found a runed translucent gate.
 23398 | Elf:1    | Found a runed translucent gate.
 23398 | Elf:1    | Found a runed translucent gate.
 23398 | Elf:1    | Found a runed translucent gate.
 23398 | Elf:1    | Found a runed translucent gate.
 23399 | Elf:1    | Noticed an Ice Fiend
 23399 | Elf:1    | Found a runed translucent gate.
 23399 | Elf:1    | Noticed a storm dragon
 23416 | Elf:1    | You pick up a book of Blasting and begin reading...
 23416 | Elf:1    | You add the spells Iskenderun's Mystic Blast and Lee's
                  | Rapid Deconstruction to your library.
 23607 | Elf:1    | Killed promet's ghost
 23608 | Elf:1    | Reached skill level 8 in Invocations
 23689 | Elf:1    | Identified the ring of Kozemir {Fly Dex+4}
 23857 | Elf:2    | Received a gift from Okawaru
 23902 | Elf:2    | Found the +9 staff of Olgreb {rPois∞}
 23903 | Elf:2    | Paralysed by an air elemental for 1 turns
 23909 | Elf:2    | Paralysed by an air elemental for 1 turns
 23957 | Elf:2    | Received a gift from Okawaru
 23976 | Elf:2    | Reached skill level 10 in Throwing
 24150 | Elf:2    | HP: 38/163 [something (6)]
 24154 | Elf:2    | HP: 15/165 [deep elf archer/arrow (5)]
 24159 | Elf:2    | HP: 22/165 [deep elf archer/arrow (7)]
 24180 | Elf:2    | HP: 37/166 [+6 glaive of venom (8)]
 24184 | Elf:2    | HP: 16/167 [ghostly deep elf archer/arrow (8)]
 24190 | Elf:2    | HP: 38/167 [poisoned by a +0 trident of venom]
 24458 | Elf:2    | Noticed Jorgrun
 24471 | Elf:2    | Killed Jorgrun
 24759 | Elf:2    | Found a runed translucent gate.
 24759 | Elf:2    | Found a runed translucent gate.
 24759 | Elf:2    | Found a runed translucent gate.
 24775 | Elf:2    | Received a gift from Okawaru
 24791 | Elf:2    | Reached skill level 17 in Armour
 24800 | Elf:2    | Reached skill level 9 in Invocations
 24817 | Elf:2    | Acquired 588 gold pieces
 24825 | Elf:2    | Reached skill level 17 in Fighting
 24825 | Elf:2    | Reached skill level 17 in Shields
 24882 | Elf:2    | Identified the +1 robe of a volcano {rElec Str+3 Int+2}
                  | (Okawaru gifted it to you on level 2 of the Elven Halls)
 24882 | Elf:2    | Received a gift from Okawaru
 24999 | Elf:2    | Reached XP level 17. HP: 152/177 MP: 19/22
 25020 | Elf:2    | Noticed a deep elf blademaster
 25040 | Elf:2    | Killed a deep elf blademaster
 25051 | Elf:2    | You are cast into the Abyss!
 25051 | Abyss:2  | Found a snail-covered altar of Cheibriados.
 25051 | Abyss:2  | Found a glowing silver altar of Zin.
 25051 | Abyss:2  | Found a broken altar of Ashenzari.
 25051 | Abyss:2  | Found a shimmering blue altar of Sif Muna.
 25051 | Abyss:2  | Found a white marble altar of Elyvilon.
 25051 | Abyss:2  | Found a burning altar of Makhleb.
 25051 | Abyss:2  | Found a glowing golden altar of the Shining One.
 25051 | Abyss:2  | Found a bloodstained altar of Trog.
 25051 | Abyss:2  | Found an iron altar of Okawaru.
 25051 | Abyss:2  | Found a blossoming altar of Fedhas.
 25051 | Abyss:2  | Cast into level 2 of the Abyss (+0 executioner's axe of
                  | distortion)
 25052 | Abyss:2  | Found a basalt altar of Yredelemnul.
 25054 | Abyss:2  | Found a stormy altar of Qazlal.
 25054 | Abyss:2  | Found a hazy altar of Hepliaklqana.
 25054 | Abyss:2  | Found a shimmering altar of Xom.
 25056 | Abyss:2  | Found an ornate altar of the Wu Jian Council.
 25056 | Abyss:2  | Found a sparkling altar of Nemelex Xobeh.
 25056 | Abyss:2  | Found a radiant altar of Vehumet.
 25056 | Abyss:2  | Found an ancient bone altar of Kikubaaqudgha.
 25058 | Abyss:2  | Found a hide-covered altar of Uskayaw.
 25058 | Abyss:2  | Found a shadowy altar of Dithmenos.
 25058 | Abyss:2  | Found an ornate altar of the Wu Jian Council.
 25304 | Abyss:5  | Reached skill level 10 in Invocations
 25314 | Elf:2    | You pass through the gate.
 25314 | Elf:2    | Escaped the Abyss
 25327 | Elf:2    | n - a +0 executioner's axe of distortion {!waxerare=g}
 25597 | Elf:3    | Entered Level 3 of the Elven Halls
 25604 | Elf:3    | Identified the +1 pair of gloves of Wuguyn {Dex+2} (Okawaru
                  | gifted it to you on level 3 of the Elven Halls)
 25604 | Elf:3    | Received a gift from Okawaru
 25640 | Elf:3    | You drop a +0 executioner's axe of distortion
                  | {!waxerare=g}.
 25643 | Elf:3    | n - a +0 executioner's axe of distortion {!waxerare=g}
 25748 | Elf:3    | Found an ancient bone altar of Kikubaaqudgha.
 25988 | Elf:3    | Reached skill level 18 in Armour
 26006 | Elf:3    | Noticed a deep elf blademaster
 26006 | Elf:3    | Noticed a deep elf blademaster
 26017 | Elf:3    | Reached skill level 18 in Shields
 26029 | Elf:3    | Killed a deep elf blademaster
 26030 | Elf:3    | Reached skill level 18 in Fighting
 26034 | Elf:3    | Noticed a deep elf master archer
 26035 | Elf:3    | Killed a deep elf blademaster
 26038 | Elf:3    | Noticed a deep elf master archer
 26051 | Elf:3    | Killed a deep elf master archer
 26058 | Elf:3    | Noticed an Ice Fiend
 26066 | Elf:3    | Noticed a Tzitzimitl
 26066 | Elf:3    | Killed a deep elf master archer
 26068 | Elf:3    | HP: 28/179 [???[a deep elf demonologist] (22)]
 26075 | Elf:3    | HP: 17/179 [ghostly deep elf master archer/arrow (6)]
 26077 | Elf:3    | Shot with an arrow by a ghostly deep elf master archer

Vanquished Creatures
  Saint Roka (Orc:2)
  Jorgrun (Elf:2)
  3 deep elf blademasters
  A deep elf master archer (Elf:3)
  5 tentacled starspawn (Abyss:5)
  An orc warlord (Orc:2)
  3 deep elf sorcerers (Elf:3)
  A deep elf elementalist (Abyss:5)
  A very ugly thing (Abyss:4)
  3 deep elf demonologists
  The ghost of promet the Thaumaturge, a journeyman SpCj of Nemelex Xobeh (Elf:1)
  2 deep elf annihilators (Elf:3)
  A minotaur (Gauntlet)
  2 deep elf death magi
  Josephine (D:10)
  A fire dragon (Lair:5)
  An ettin (Orc:1)
  2 deep elf high priests
  A boulder beetle (D:12)
  A vault guard (D:14)
  6 hydras
  4 ogre magi (Orc:2)
  17 two-headed ogres
  29 dancing weapons
  4 centaur warriors (D:14)
  A death scarab (Gauntlet)
  A hell hog (Gauntlet)
  5 thrashing horrors (Abyss:5)
  A vampire mage (D:15)
  Sonja (Lair:1)
  A shadow wraith (Abyss:5)
  A fire crab (Gauntlet)
  11 deep elf knights
  3 skeletal warriors
  A golden dragon zombie (D:15)
  A spectral hydra (Gauntlet)
  A swamp dragon (Lair:5)
  A glowing orange brain (Abyss:5)
  21 deep elf archers
  A wizard (D:9)
  3 necromancers
  19 deep elf zephyrmancers
  The ghost of pokedragonboy the Thaumaturge, a novice DECj of Sif Muna (D:7)
  A stone giant zombie (D:15)
  3 wolf spiders (Lair:5)
  A faun (shapeshifter) (Elf:1)
  3 moths of wrath (Elf:1)
  34 deep elf pyromancers
  4 orc sorcerers
  7 ugly things
  7 cyclopes
  2 manticores
  A large abomination (Abyss:5)
  Maurice (D:8)
  10 elephants
  2 merfolk sirens (Lair:3)
  13 black mambas
  13 cane toads
  A smoke demon (Abyss:5)
  2 torpor snails
  A rime drake (shapeshifter) (Elf:1)
  2 unseen horrors
  A guardian serpent (Lair:5)
  Joseph (D:7)
  2 gargoyles
  2 freezing wraiths
  2 kobold demonologists
  7 komodo dragons
  Maggie (Lair:2)
  6 rime drakes
  An efreet (D:14)
  A komodo dragon (shapeshifter) (D:15)
  2 ancient zymes (Abyss:5)
  A yaktaur (D:14)
  2 merfolk (Lair:3)
  4 trolls
  3 hornets (Lair:5)
  A polar bear (Lair:4)
  A tarantella (shapeshifter) (Elf:1)
  10 blink frogs
  An ettin zombie (D:15)
  18 slime creatures
  A raiju (Abyss:5)
  8 dream sheep
  7 wraiths
  3 air elementals
  5 water elementals
  A spriggan (shapeshifter) (Elf:1)
  A shadow (D:10)
  A fire bat (shapeshifter) (Elf:1)
  12 wyverns
  A dire elephant simulacrum (Abyss:5)
  A ynoxinul (Gauntlet)
  76 yaks
  10 fire bats (Gauntlet)
  Grum (D:10)
  A neqoxec (Abyss:5)
  A vampire (D:11)
  10 fire elementals
  A golden eye (shapeshifter) (D:14)
  A golden eye (Abyss:5)
  A redback (Lair:5)
  7 basilisks
  2 hogs (shapeshifter)
  3 steam dragons (Lair:5)
  10 vampire mosquitoes
  3 wargs
  A swamp worm (shapeshifter) (Elf:1)
  6 hell hounds
  2 acid dragons (Lair:5)
  24 water moccasins
  Duvessa (D:7)
  A sky beast (D:7)
  A floating eye zombie (D:15)
  A black bear (Lair:4)
  18 orc warriors
  A boggart (shapeshifter) (Elf:1)
  27 wolves
  7 centaurs
  25 ogres
  4 kobold brigands
  4 phantoms
  Blork the orc (D:4)
  14 bullfrogs
  A gnoll sergeant (D:9)
  3 earth elementals
  A necrophage (D:6)
  2 scorpions
  9 wights
  Dowan (D:7)
  5 killer bees (D:11)
  7 howler monkeys
  13 electric eels
  3 jellies
  14 orc priests
  4 hounds
  2 iron imps (Gauntlet)
  2 small abominations
  2 gnoll boudas
  18 orc wizards
  8 iguanas
  Natasha (thrice) (D:3)
  6 ogre zombies (D:12)
  5 adders
  13 gnolls
  A shadow imp (D:7)
  2 white imps
  3 dart slugs
  61 orcs
  8 ball pythons
  7 bats
  9 endoplasms
  4 giant cockroaches
  9 goblins
  6 hobgoblins
  7 jackals
  21 kobolds
  4 quokkas
  2 frilled lizards
  4 goblin zombies (D:12)
  5 hobgoblin zombies (D:12)
  2 orc skeletons (D:12)
  8 orc zombies (D:12)
  3 starspawn tentacles (Abyss:5)
936 creatures vanquished.

Vanquished Creatures (others)
  3 deep elf knights (Elf:2)
  A troll (shapeshifter) (Elf:1)
  An orc warrior (Elf:1)
  3 bushes
  A demonic plant (Abyss:5)
  19 fungi
  54 plants
  6 starspawn tentacles (Abyss:5)
  2 withered plants
90 creatures vanquished.

Grand Total: 1026 creatures vanquished

Table legend:
 A = Non-vault XP
 B = Vault XP
 C = Vault XP percentage of total XP
 D = Non-vault monster count
 E = Vault monster count
 F = Vault count percentage of total count
                 A         B        C        D         E       F
            +---------+---------+-------+---------+---------+-------
      Total |  144715 |  129512 |  47.2 |     595 |     342 |  36.5
            +---------+---------+-------+---------+---------+-------
        D:1 |      64 |       0 |   0.0 |      26 |       0 |   0.0
        D:2 |      32 |       0 |   0.0 |      17 |       0 |   0.0
        D:3 |      93 |      35 |  27.3 |      12 |       1 |   7.7
        D:4 |     252 |      91 |  26.5 |      25 |       1 |   3.8
        D:5 |     582 |      59 |   9.2 |      17 |       4 |  19.0
        D:6 |     493 |       0 |   0.0 |      15 |       0 |   0.0
        D:7 |     825 |    1184 |  58.9 |      24 |       4 |  14.3
        D:8 |    2048 |    1029 |  33.4 |      22 |       2 |   8.3
        D:9 |    3230 |    2590 |  44.5 |      23 |      15 |  39.5
       D:10 |    4176 |    2226 |  34.8 |      19 |       9 |  32.1
       D:11 |    4991 |       0 |   0.0 |      26 |       0 |   0.0
       D:12 |    4208 |    1902 |  31.1 |      22 |      30 |  57.7
       D:13 |    7489 |       0 |   0.0 |      15 |       0 |   0.0
       D:14 |   10264 |    4846 |  32.1 |      24 |       7 |  22.6
       D:15 |    3351 |    4674 |  58.2 |       9 |       8 |  47.1
     Lair:1 |    1180 |    2117 |  64.2 |       8 |       8 |  50.0
     Lair:2 |    7339 |    2633 |  26.4 |      31 |      10 |  24.4
     Lair:3 |    3240 |    2461 |  43.2 |      17 |       7 |  29.2
     Lair:4 |    5820 |     468 |   7.4 |      23 |       3 |  11.5
     Lair:5 |   11989 |   16509 |  57.9 |      47 |      61 |  56.5
      Orc:1 |    3496 |       0 |   0.0 |      39 |       0 |   0.0
      Orc:2 |    3328 |   20761 |  86.2 |      25 |      48 |  65.8
      Elf:1 |   10065 |   15235 |  60.2 |      19 |      40 |  67.8
      Elf:2 |   21733 |   26032 |  54.5 |      36 |      32 |  47.1
      Elf:3 |   14900 |   10832 |  42.1 |      24 |       9 |  27.3
    Abyss:2 |      40 |       0 |   0.0 |       1 |       0 |   0.0
    Abyss:4 |    1070 |       0 |   0.0 |       1 |       0 |   0.0
    Abyss:5 |   18417 |     529 |   2.8 |      28 |       1 |   3.4
    Volcano |       0 |    5686 | 100.0 |       0 |      18 | 100.0
   Gauntlet |       0 |    7613 | 100.0 |       0 |      24 | 100.0
            +---------+---------+-------+---------+---------+-------

Illustrated notes

Table legend:
 A = Kills in this place as a percentage of kills in entire the game.
 B = Kills by you in this place as a percentage of kills by you in the entire game.
 C = Kills by friends in this place as a percentage of kills by friends in the entire game.
 D = Other kills in this place as a percentage of other kills in the entire game.
 E = Experience gained in this place as a percentage of experience gained in the entire game.
 F = Experience gained in this place divided by the number of levels of this place that you have seen.
                   A       B       C       D       E      F
               +-------+-------+-------+-------+-------+----------------------
         Total | 100.0 | 100.0 |   N/A | 100.0 | 100.0 | 8569.6
       Dungeon |  40.2 |  40.4 |   N/A |   0.0 |  22.1 | 4048.9
          Lair |  22.9 |  23.0 |   N/A |   0.0 |  19.6 | 10751.2
  Orcish Mines |  12.0 |  12.0 |   N/A |   0.0 |  10.1 | 13792.5
   Elven Halls |  17.1 |  16.7 |   N/A | 100.0 |  36.0 | 32932.3
         Abyss |   3.3 |   3.3 |   N/A |   0.0 |   7.3 | 5014.0
       Volcano |   1.9 |   1.9 |   N/A |   0.0 |   2.1 | 5686.0
      Gauntlet |   2.6 |   2.6 |   N/A |   0.0 |   2.8 | 7613.0
               +-------+-------+-------+-------+-------+----------------------

Table legend: (Time is in decaauts)
 A = Elapsed time spent in this place.
 B = Non-inter-level travel time spent in this place.
 C = Inter-level travel time spent in this place.
 D = Time resting spent in this place.
 E = Time spent auto-exploring this place.
 F = Levels seen in this place.
 G = Mean time per level.
                   A        B        C        D        E       F      G
               +--------+--------+--------+--------+--------+-----+--------+
         Total |  25774 |  24344 |   1430 |   1201 |  18490 |  32 |  805.4 |
       Dungeon |  14510 |  13585 |    925 |    299 |  11393 |  15 |  967.3 |
        Temple |    116 |     79 |     37 |      0 |     54 |   1 |  116.0 |
          Lair |   5060 |   4898 |    162 |     95 |   4120 |   5 | 1012.0 |
  Orcish Mines |   1496 |   1443 |     53 |     44 |   1021 |   2 |  748.0 |
   Elven Halls |   3429 |   3176 |    253 |    358 |   1837 |   3 | 1143.0 |
         Abyss |    241 |    241 |      0 |      0 |      0 |   4 |   60.2 |
       Volcano |    166 |    166 |      0 |      0 |     65 |   1 |  166.0 |
      Gauntlet |    753 |    753 |      0 |    405 |      0 |   1 |  753.0 |
               +--------+--------+--------+--------+--------+-----+--------+

Top non-repeatable levels by time:
   Elf:1: 1523 daAuts
   Elf:2: 1456 daAuts
  Lair:5: 1339 daAuts
    D:10: 1310 daAuts
    D:13: 1234 daAuts
     D:5: 1216 daAuts
    D:11: 1151 daAuts
     D:7: 1142 daAuts
     D:9: 1127 daAuts
  Lair:2: 1086 daAuts
     D:6: 1051 daAuts
  Lair:4: 1045 daAuts
    D:14: 1031 daAuts
    D:15: 929 daAuts
    D:12: 918 daAuts
